Workbook

Sheet 一般公共预算收入明细表
A1: 宁河区一般公共预算收入明细表
A2: 表一 | D2: 单位:万元
A3: 科 目 | B3: 2025年调整预算数 | C3: 2025年完成数 | D3: 2026年预算数
A4: 一般公共预算收入 | B4: =B5+B20 -> 330000 | C4: =C5+C20 -> 323496 | D4: =D5+D20 -> 260000
A5: （一）税收收入 | B5: =SUM(B6:B19) -> 120852 | C5: =SUM(C6:C19) -> 120852 | D5: =SUM(D6:D19) -> 125000
A6: 1、增值税 | B6: 39904 | C6: 39904 | D6: 43000
A7: 2、企业所得税 | B7: 17648 | C7: 17648 | D7: 17500
A8: 3、个人所得税 | B8: 3356 | C8: 3356 | D8: 3400
A9: 4、资源税 | B9: 1697 | C9: 1697 | D9: 1700
A10: 5、城市维护建设税 | B10: 12445 | C10: 12445 | D10: 13000
A11: 6、房产税 | B11: 15571 | C11: 15571 | D11: 16500
A12: 7、印花税 | B12: 9342 | C12: 9342 | D12: 9600
A13: 8、城镇土地使用税 | B13: 3460 | C13: 3460 | D13: 2600
A14: 9、土地增值税 | B14: 2995 | C14: 2995 | D14: 3600
A15: 10、车船税 | B15: 3827 | C15: 3827 | D15: 3360
A16: 11、耕地占用税 | B16: 2106 | C16: 2106 | D16: 1140
A17: 12、契税 | B17: 6963 | C17: 6963 | D17: 8000
... A19: 14、其他税收收入 | B19: 4 | C19: 4 | D19: 0
A20: （二）非税收入 | B20: =SUM(B21:B26) -> 209148 | C20: =SUM(C21:C26) -> 202644 | D20: =SUM(D21:D26) -> 135000
A21: 1、专项收入 | B21: 10808 | C21: 10808 | D21: 10800
A22: 2、行政事业性收费收入 | B22: 2259 | C22: 2259 | D22: 3000
A23: 3、罚没收入 | B23: 15042 | C23: 15042 | D23: 11000
A24: 4、国有资源（资产）有偿使用收入 | B24: =174531+6504 -> 181035 | C24: 174531 | D24: 110150
A25: 5、捐赠收入
A26: 6、其他收入 | B26: 4 | C26: 4 | D26: 50
A27: 一般公共预算收入合计 | B27: =B4 -> 330000 | C27: =C4 -> 323496 | D27: =D4 -> 260000
A28: 加：市转移支付补助等收入 | B28: 263867 | C28: 263867 | D28: =321966-79 -> 321887
A29: 新增一般债券转贷收入 | B29: 66274 | C29: 66274
A30: 再融资一般债券转贷收入 | B30: =41700+18400 -> 60100 | C30: 60100
A31: 上年结转收入 | B31: 50891 | C31: 50891 | D31: 42514
A32: 调入资金 | B32: =28742+24000+2141 -> 54883 | C32: 54883 | D32: 80000
A33: 动用预算稳定调节基金 | B33: 40068 | C33: 40068
A34: 动用预算周转金
A35: 一般公共预算收入总计 | B35: =SUM(B27:B34) -> 866083 | C35: =SUM(C27:C34) -> 859579 | D35: =SUM(D27:D34) -> 704401

Sheet 一般公共预算支出功能分类明细表
B2: 宁河区一般公共预算支出功能分类明细表
A3: 表二
A4: 科目编码 | B4: 科目名称 | C4: 2025年调整预算数 | D4: 2025年实际执行数 | E4: 2026年预算数
A5: 201 | B5: 一般公共服务支出 | C5: =C6+C11+C13+C18+C23+C27+C30+C33+C36+C38+C42+C46+C48+C51+C54+C58+C64+C68+C72+C76+C78+C88+C91+C93+C95 -> 74628 | D5: =D6+D11+D13+D18+D23+D27+D30+D33+D36+D38+D42+D46+D48+D51+D54+D58+D64+D68+D72+D76+D78+D88+D91+D93+D95 -> 74628 | E5: =E6+E11+E13+E18+E23+E27+E30+E33+E36+E38+E42+E46+E48+E51+E54+E58+E64+E68+E72+E76+E78+E88+E91+E93+E95 -> 53558
A6: 20101 | B6: 人大事务 | C6: =C7+C8+C9+C10 -> 721 | D6: =SUM(D7:D10) -> 721 | E6: =SUM(E7:E10) -> 648
A7: 2010101 | B7: 行政运行 | C7: 672 | D7: 672 | E7: 648
A8: 2010104 | B8: 人大会议 | C8: 33 | D8: 33 | E8: 0
A9: 2010108 | B9: 代表工作 | C9: 14 | D9: 14 | E9: 0
A10: 2010199 | B10: 其他人大事务支出 | C10: 2 | D10: 2 | E10: 0
A11: 20102 | B11: 政协事务 | C11: =C12 -> 764 | D11: =D12 -> 764 | E11: =E12 -> 639
A12: 2010201 | B12: 行政运行 | C12: 764 | D12: 764 | E12: 639
A13: 20103 | B13: 政府办公厅(室)及相关机构事务 | C13: =SUM(C14:C17) -> 48717 | D13: =SUM(D14:D17) -> 48717 | E13: =SUM(E14:E17) -> 36735
A14: 2010301 | B14: 行政运行 | C14: 23226 | D14: 23226 | E14: =18560-30+1 -> 18531
A15: 2010303 | B15: 机关服务 | C15: 920 | D15: 920 | E15: 0
A16: 2010350 | B16: 事业运行 | C16: 10722 | D16: 10722 | E16: 14316
A17: 2010399 | B17: 其他政府办公厅(室)及相关机构事务支出 | C17: 13849 | D17: 13849 | E17: 3888
A18: 20104 | B18: 发展与改革事务 | C18: =SUM(C19:C22) -> 2128 | D18: =SUM(D19:D22) -> 2128 | E18: =SUM(E19:E22) -> 1514
A19: 2010401 | B19: 行政运行 | C19: 1950 | D19: 1950 | E19: 1409
A20: 2010402 | B20: 一般行政管理事务 | C20: 12 | D20: 12 | E20: 0
A21: 2010403 | B21: 机关服务 | C21: 4 | D21: 4 | E21: 0
A22: 2010408 | B22: 物价管理 | C22: 162 | D22: 162 | E22: 105
A23: 20105 | B23: 统计信息事务 | C23: =SUM(C24:C26) -> 546 | D23: =SUM(D24:D26) -> 546 | E23: =SUM(E24:E26) -> 452
A24: 2010501 | B24: 行政运行 | C24: 411 | D24: 411 | E24: 363
A25: 2010505 | B25: 专项统计业务 | C25: 50 | D25: 50 | E25: 0
A26: 2010550 | B26: 事业运行 | C26: 85 | D26: 85 | E26: 89
A27: 20106 | B27: 财政事务 | C27: =SUM(C28:C29) -> 4531 | D27: =SUM(D28:D29) -> 4531 | E27: =SUM(E28:E29) -> 1113
A28: 2010601 | B28: 行政运行 | C28: 4086 | D28: 4086 | E28: =667-30 -> 637
A29: 2010650 | B29: 事业运行 | C29: 445 | D29: 445 | E29: 476
A30: 20107 | B30: 税收事务 | C30: =SUM(C31:C32) -> 781 | D30: =SUM(D31:D32) -> 781 | E30: =SUM(E31:E32) -> 0
A31: 2010701 | B31: 行政运行 | C31: 631 | D31: 631 | E31: 0
A32: 2010710 | B32: 税收业务 | C32: 150 | D32: 150 | E32: 0
A33: 20108 | B33: 审计事务 | C33: =SUM(C34:C35) -> 549 | D33: =SUM(D34:D35) -> 549 | E33: =SUM(E34:E35) -> 523
A34: 2010801 | B34: 行政运行 | C34: 543 | D34: 543 | E34: 523
A35: 2010804 | B35: 审计业务 | C35: 6 | D35: 6 | E35: 0
A36: 20109 | B36: 海关事务 | C36: =C37 -> 24 | D36: =D37 -> 24 | E36: =E37 -> 0
A37: 2010999 | B37: 其他海关事务支出 | C37: 24 | D37: 24 | E37: 0
A38: 20111 | B38: 纪检监察事务 | C38: =SUM(C39:C41) -> 2596 | D38: =SUM(D39:D41) -> 2596 | E38: =SUM(E39:E41) -> 2293
A39: 2011101 | B39: 行政运行 | C39: 2476 | D39: 2476 | E39: 2135
A40: 2011150 | B40: 事业运行 | C40: 66 | D40: 66 | E40: 158
A41: 2011199 | B41: 其他纪检监察事务支出 | C41: 54 | D41: 54 | E41: 0
A42: 20113 | B42: 商贸事务 | C42: =SUM(C43:C45) -> 868 | D42: =SUM(D43:D45) -> 868 | E42: =SUM(E43:E45) -> 570
A43: 2011301 | B43: 行政运行 | C43: 578 | D43: 578 | E43: 570
A44: 2011308 | B44: 招商引资 | C44: 80 | D44: 80 | E44: 0
A45: 2011399 | B45: 其他商贸事务支出 | C45: 210 | D45: 210 | E45: 0
A46: 20123 | B46: 民族事务 | C46: =C47 -> 7 | D46: =D47 -> 7 | E46: =E47 -> 8
A47: 2012304 | B47: 民族工作专项 | C47: 7 | D47: 7 | E47: 8
A48: 20126 | B48: 档案事务 | C48: =SUM(C49:C50) -> 640 | D48: =SUM(D49:D50) -> 640 | E48: =SUM(E49:E50) -> 302
A49: 2012601 | B49: 行政运行 | C49: 535 | D49: 535 | E49: 193
A50: 2012604 | B50: 档案馆 | C50: 105 | D50: 105 | E50: 109
A51: 20128 | B51: 民主党派及工商联事务 | C51: =SUM(C52:C53) -> 161 | D51: =SUM(D52:D53) -> 161 | E51: =SUM(E52:E53) -> 170
A52: 2012801 | B52: 行政运行 | C52: 159 | D52: 159 | E52: 170
A53: 2012802 | B53: 一般行政管理事务 | C53: 2 | D53: 2 | E53: 0
A54: 20129 | B54: 群众团体事务 | C54: =SUM(C55:C57) -> 824 | D54: =SUM(D55:D57) -> 824 | E54: =SUM(E55:E57) -> 679
A55: 2012901 | B55: 行政运行 | C55: 525 | D55: 525 | E55: 490
A56: 2012950 | B56: 事业运行 | C56: 248 | D56: 248 | E56: 170
A57: 2012999 | B57: 其他群众团体事务支出 | C57: 51 | D57: 51 | E57: 19
A58: 20131 | B58: 党委办公厅(室)及相关机构事务 | C58: =SUM(C59:C63) -> 3460 | D58: =SUM(D59:D63) -> 3460 | E58: =SUM(E59:E63) -> 2143
A59: 2013101 | B59: 行政运行 | C59: 2323 | D59: 2323 | E59: 1726
A60: 2013102 | B60: 一般行政管理事务 | C60: 2 | D60: 2 | E60: 0
A61: 2013105 | B61: 专项业务 | C61: 366 | D61: 366 | E61: 0
A62: 2013150 | B62: 事业运行 | C62: 452 | D62: 452 | E62: 417
A63: 2013199 | B63: 其他党委办公厅(室)及相关机构事务支出 | C63: 317 | D63: 317 | E63: 0
A64: 20132 | B64: 组织事务 | C64: =SUM(C65:C67) -> 1007 | D64: =SUM(D65:D67) -> 1007 | E64: =SUM(E65:E67) -> 806
A65: 2013201 | B65: 行政运行 | C65: 662 | D65: 662 | E65: 672
A66: 2013250 | B66: 事业运行 | C66: 116 | D66: 116 | E66: 134
A67: 2013299 | B67: 其他组织事务支出 | C67: 229 | D67: 229 | E67: 0
A68: 20133 | B68: 宣传事务 | C68: =SUM(C69:C71) -> 463 | D68: =SUM(D69:D71) -> 463 | E68: =SUM(E69:E71) -> 273
A69: 2013301 | B69: 行政运行 | C69: 274 | D69: 274 | E69: 273
A70: 2013302 | B70: 一般行政管理事务 | C70: 4 | D70: 4 | E70: 0
A71: 2013399 | B71: 其他宣传事务支出 | C71: 185 | D71: 185 | E71: 0
A72: 20134 | B72: 统战事务 | C72: =SUM(C73:C75) -> 433 | D72: =SUM(D73:D75) -> 433 | E72: =SUM(E73:E75) -> 271
A73: 2013401 | B73: 行政运行 | C73: 267 | D73: 267 | E73: 269
A74: 2013405 | B74: 华侨事务 | C74: 1 | D74: 1 | E74: 2
A75: 2013499 | B75: 其他统战事务支出 | C75: 165 | D75: 165 | E75: 0
A76: 20137 | B76: 网信事务 | C76: =C77 -> 30 | D76: =D77 -> 30 | E76: =E77 -> 0
A77: 2013701 | B77: 行政运行 | C77: 30 | D77: 30 | E77: 0
A78: 20138 | B78: 市场监督管理事务 | C78: =SUM(C79:C87) -> 4461 | D78: =SUM(D79:D87) -> 4461 | E78: =SUM(E79:E87) -> 3872
A79: 2013801 | B79: 行政运行 | C79: 3334 | D79: 3334 | E79: 3048
A80: 2013802 | B80: 一般行政管理事务 | C80: 1 | D80: 1 | E80: 0
A81: 2013803 | B81: 机关服务 | C81: 110 | D81: 110 | E81: 113
A82: 2013804 | B82: 经营主体管理 | C82: 1 | D82: 1 | E82: 0
A83: 2013810 | B83: 质量基础 | C83: 91 | D83: 91 | E83: 3
A84: 2013812 | B84: 药品事务 | C84: 22 | D84: 22 | E84: 0
A85: 2013815 | B85: 质量安全监管 | C85: 26 | D85: 26 | E85: 0
A86: 2013816 | B86: 食品安全监管 | C86: 381 | D86: 381 | E86: 188
A87: 2013850 | B87: 事业运行 | C87: 495 | D87: 495 | E87: 520
A88: 20139 | B88: 社会工作事务 | C88: =SUM(C89:C90) -> 524 | D88: =SUM(D89:D90) -> 524 | E88: =SUM(E89:E90) -> 363
A89: 2013901 | B89: 行政运行 | C89: 257 | D89: 257 | E89: 233
A90: 2013904 | B90: 专项业务 | C90: 267 | D90: 267 | E90: 130
A91: 20140 | B91: 信访事务 | C91: =C92 -> 22 | D91: =D92 -> 22 | E91: =E92 -> 15
A92: 2014004 | B92: 信访业务 | C92: 22 | D92: 22 | E92: 15
A93: 20141 | B93: 数据事务 | C93: =C94 -> 137 | D93: =D94 -> 137 | E93: =E94 -> 169
A94: 2014150 | B94: 事业运行 | C94: 137 | D94: 137 | E94: 169
A95: 20199 | B95: 其他一般公共服务支出 | C95: =C96 -> 234 | D95: =D96 -> 234 | E95: =E96 -> 0
A96: 2019999 | B96: 其他一般公共服务支出 | C96: 234 | D96: 234 | E96: 0
A97: 203 | B97: 国防支出 | C97: =C98 -> 475 | D97: =D98 -> 475 | E97: =E98 -> 191
A98: 20306 | B98: 国防动员 | C98: =SUM(C99:C101) -> 475 | D98: =SUM(D99:D101) -> 475 | E98: =SUM(E99:E101) -> 191
A99: 2030601 | B99: 兵役征集 | C99: 135 | D99: 135 | E99: 0
A100: 2030603 | B100: 人民防空 | C100: 44 | D100: 44 | E100: 148
A101: 2030607 | B101: 民兵 | C101: 296 | D101: 296 | E101: 43
...

Sheet 一般公共预算支出经济分类明细表
B1: 宁河区一般公共预算支出经济分类明细表
A2: 表三
A3: 科目编码 | B3: 科目名称 | C3: 2025年调整预算数 | D3: 2025年实际执行数 | E3: 2026年预算数
B4: 一般公共预算支出经济分类合计 | C4: =C5+C10+C21+C29+C35+C39+C42+C46+C49+C55+C58+C61+C63+C66+C69 -> 853461 | D4: =D5+D10+D21+D29+D35+D39+D42+D46+D49+D55+D58+D61+D63+D66+D69 -> 817065 | E4: =E5+E10+E21+E29+E35+E39+E42+E46+E49+E55+E58+E61+E63+E66+E69 -> 704401
A5: 501 | B5: 机关工资福利支出 | C5: =SUM(C6:C9) -> 101693 | D5: =SUM(D6:D9) -> 101693 | E5: =SUM(E6:E9) -> 106119
A6: 50101 | B6: 工资奖金津补贴 | C6: 49578 | D6: 49578 | E6: 53874
A7: 50102 | B7: 社会保障缴费 | C7: 14436 | D7: 14436 | E7: 15423
A8: 50103 | B8: 住房公积金 | C8: 19405 | D8: 19405 | E8: 19753
A9: 50199 | B9: 其他工资福利支出 | C9: 18274 | D9: 18274 | E9: 17069
A10: 502 | B10: 机关商品和服务支出 | C10: =SUM(C11:C20) -> 35324 | D10: =SUM(D11:D20) -> 35324 | E10: =SUM(E11:E20) -> 23627
A11: 50201 | B11: 办公经费 | C11: 9044 | D11: 9044 | E11: 9098
A12: 50202 | B12: 会议费 | C12: 89 | D12: 89 | E12: 4
A13: 50203 | B13: 培训费 | C13: 106 | D13: 106 | E13: 33
A14: 50204 | B14: 专用材料购置费 | C14: 1646 | D14: 1646 | E14: 764
A15: 50205 | B15: 委托业务费 | C15: 13392 | D15: 13392 | E15: 3500
A16: 50206 | B16: 公务接待费 | C16: 1 | D16: 1 | E16: 3
A17: 50207 | B17: 因公出国(境)费用 | C17: 50 | D17: 50 | E17: 0
A18: 50208 | B18: 公务用车运行维护费 | C18: 168 | D18: 168 | E18: 183
A19: 50209 | B19: 维修(护)费 | C19: 1000 | D19: 1000 | E19: 906
A20: 50299 | B20: 其他商品和服务支出 | C20: 9828 | D20: 9828 | E20: =16136-7000 -> 9136
A21: 503 | B21: 机关资本性支出 | C21: =SUM(C22:C28) -> 105588 | D21: =SUM(D22:D28) -> 105588 | E21: =SUM(E22:E28) -> 62182
A22: 50301 | B22: 房屋建筑物购建 | C22: 12401 | D22: 12401 | E22: 0
A23: 50302 | B23: 基础设施建设 | C23: 74354 | D23: 74354 | E23: 59116
A24: 50303 | B24: 公务用车购置 | C24: 118 | D24: 118 | E24: 100
A25: 50305 | B25: 土地征迁补偿和安置支出 | C25: 4943 | D25: 4943 | E25: 1396
A26: 50306 | B26: 设备购置 | C26: 3106 | D26: 3106 | E26: 613
A27: 50307 | B27: 大型修缮 | C27: 1040 | D27: 1040 | E27: 0
A28: 50399 | B28: 其他资本性支出 | C28: 9626 | D28: 9626 | E28: 957
A29: 504 | B29: 机关资本性支出(基本建设) | C29: =SUM(C30:C34) -> 8514 | D29: =SUM(D30:D34) -> 8514 | E29: =SUM(E30:E34) -> 6689
A30: 50401 | B30: 房屋建筑物购建 | C30: 617 | D30: 617 | E30: 0
A31: 50402 | B31: 基础设施建设 | C31: 6797 | D31: 6797 | E31: 6541
A32: 50404 | B32: 设备购置 | C32: 54 | D32: 54 | E32: 148
A33: 50405 | B33: 大型修缮 | C33: 52 | D33: 52 | E33: 0
A34: 50499 | B34: 其他资本性支出 | C34: 994 | D34: 994 | E34: 0
A35: 505 | B35: 对事业单位经常性补助 | C35: =SUM(C36:C38) -> 212623 | D35: =SUM(D36:D38) -> 212623 | E35: =SUM(E36:E38) -> 214721
A36: 50501 | B36: 工资福利支出 | C36: 186113 | D36: 186113 | E36: 190726
A37: 50502 | B37: 商品和服务支出 | C37: 25940 | D37: 25940 | E37: 23425
A38: 50599 | B38: 其他对事业单位补助 | C38: 570 | D38: 570 | E38: 570
A39: 506 | B39: 对事业单位资本性补助 | C39: =SUM(C40:C41) -> 21452 | D39: =SUM(D40:D41) -> 21452 | E39: =SUM(E40:E41) -> 16116
A40: 50601 | B40: 资本性支出 | C40: 17228 | D40: 17228 | E40: 15593
A41: 50602 | B41: 资本性支出(基本建设) | C41: 4224 | D41: 4224 | E41: 523
A42: 507 | B42: 对企业补助 | C42: =SUM(C43:C45) -> 60937 | D42: =SUM(D43:D45) -> 60937 | E42: =SUM(E43:E45) -> 46595
A43: 50701 | B43: 费用补贴 | C43: 41410 | D43: 41410 | E43: 31095
A44: 50702 | B44: 利息补贴 | C44: 12 | D44: 12 | E44: 1
A45: 50799 | B45: 其他对企业补助 | C45: 19515 | D45: 19515 | E45: 15499
A46: 508 | B46: 对企业资本性支出 | C46: =C47+C48 -> 37400 | D46: =SUM(D47:D48) -> 1004 | E46: =SUM(E47:E48) -> 1416
A47: 50803 | B47: 资本金注入 | C47: =36396 -> 36396 | D47: 0 | E47: 0
A48: 50899 | B48: 其他对企业资本性支出 | C48: 1004 | D48: 1004 | E48: 1416
A49: 509 | B49: 对个人和家庭的补助 | C49: =SUM(C50:C54) -> 63778 | D49: =SUM(D50:D54) -> 63778 | E49: =SUM(E50:E54) -> 64017
A50: 50901 | B50: 社会福利和救助 | C50: 40474 | D50: 40474 | E50: 46952
A51: 50902 | B51: 助学金 | C51: 238 | D51: 238 | E51: 216
A52: 50903 | B52: 个人农业生产补贴 | C52: 10461 | D52: 10461 | E52: 7153
A53: 50905 | B53: 离退休费 | C53: 5272 | D53: 5272 | E53: 4364
A54: 50999 | B54: 其他对个人和家庭的补助 | C54: 7333 | D54: 7333 | E54: 5332
A55: 510 | B55: 对社会保障基金补助 | C55: =SUM(C56:C57) -> 76163 | D55: =SUM(D56:D57) -> 76163 | E55: =SUM(E56:E57) -> 78592
A56: 51002 | B56: 对社会保险基金补助 | C56: 74882 | D56: 74882 | E56: 78592
A57: 51004 | B57: 对机关事业单位职业年金的补助 | C57: 1281 | D57: 1281 | E57: 0
A58: 511 | B58: 债务利息及费用支出 | C58: =SUM(C59:C60) -> 42513 | D58: =SUM(D59:D60) -> 42513 | E58: =SUM(E59:E60) -> 42753
A59: 51101 | B59: 国内债务付息 | C59: 42427 | D59: 42427 | E59: 42747
A60: 51103 | B60: 国内债务发行费用 | C60: 86 | D60: 86 | E60: 6
A61: 512 | B61: 债务还本支出 | C61: =C62 -> 64800 | D61: =D62 -> 64800 | E61: =E62 -> 8740
A62: 51201 | B62: 国内债务还本 | C62: =64800 -> 64800 | D62: 64800 | E62: 8740
A63: 513 | B63: 转移性支出 | C63: =C64 -> 22676 | D63: =D64 -> 22676 | E63: =E64+E65 -> 18834
A64: 51301 | B64: 上下级政府间转移性支出 | C64: 22676 | D64: 22676 | E64: 18834
A65: 51302 | B65: 援助其他地区支出
A66: 514 | B66: 预备费及预留 | E66: =E67+E68 -> 14000
A67: 51401 | B67: 预备费 | E67: 7000
A68: 51402 | B68: 预留 | E68: 7000
A69: 599 | B69: 其他支出
A70: 59999 | B70: 其他支出

Sheet 政府性基金预算收入
A1: 宁河区政府性基金预算收入明细表
A2: 表四 | D2: 单位：万元
A3: 科 目 | B3: 2025年调整预算数 | C3: 2025年完成数 | D3: 2026年预算数
A4: 政府性基金预算收入合计 | B4: =B5 -> 41000 | C4: =C5 -> 39388 | D4: =D5 -> 212774
A5: 非税收入 | B5: =B6+B18 -> 41000 | C5: =C6+C18 -> 39388 | D5: =D6+D18 -> 212774
A6: 政府性基金收入 | B6: =SUM(B7:B9,B16,B17) -> 40916 | C6: =SUM(C7:C9,C16,C17) -> 39304 | D6: =SUM(D7:D9,D16,D17) -> 66946
A7: 国有土地收益基金收入
A8: 农业土地开发资金收入
A9: 国有土地使用权出让收入 | B9: =SUM(B10:B15) -> 37426 | C9: =SUM(C10:C15) -> 35814 | D9: =SUM(D10:D15) -> 62946
A10: 补缴的土地价款 | B10: 788 | C10: 788
A11: 划拨土地收入 | B11: 138 | C11: 138 | D11: 170
A12: 土地出让政府净收益 | B12: =22703+1612 -> 24315 | C12: =22703 -> 22703 | D12: 19776
A13: 土地收购整理成本 | B13: 14053 | C13: 14053 | D13: 44000
A14: 缴纳新增建设用地土地有偿使用费 | B14: -2875 | C14: -2875 | D14: -2000
A15: 其他土地出让收入 | B15: 1007 | C15: 1007 | D15: 1000
A16: 城市基础设施配套费收入 | B16: 2403 | C16: 2403 | D16: 3000
A17: 污水处理费收入 | B17: 1087 | C17: 1087 | D17: 1000
A18: 专项债券对应项目专项收入 | B18: =SUM(B19:B20) -> 84 | C18: =SUM(C19:C20) -> 84 | D18: =SUM(D19:D20) -> 145828
A19: 国有土地使用权出让金专项债务对应项目专项
A20: 其他政府性基金专项债务对应项目专项收入 | B20: 84 | C20: 84 | D20: 145828
A21: 政府性基金预算收入合计 | B21: =B4 -> 41000 | C21: =C4 -> 39388 | D21: =D4 -> 212774
A22: 加：市转移支付补助等收入 | B22: 39401 | C22: 39401 | D22: 13000
A23: 新增专项债券转贷收入 | B23: 213400 | C23: 213400
A24: 再融资专项债券转贷收入 | B24: =254400+299500 -> 553900 | C24: =299500+254400 -> 553900
A25: 上年结余收入 | B25: 332090 | C25: 332090 | D25: 162973
A26: 调入资金
A27: 政府性基金收入总计 | B27: =SUM(B21:B26) -> 1179791 | C27: =SUM(C21:C26) -> 1178179 | D27: =SUM(D21:D26) -> 388747

Sheet 政府性基金预算支出功能分类明细表 
B1: 宁河区政府性基金预算支出功能分类明细表
A2: 表五 | C2: 单位：万元
A3: 科目编码 | B3: 科目名称 | C3: 2025年调整预算数 | D3: 2025年实际执行数 | E3: 2026年预算数
A4: 210 | B4: 卫生健康支出 | C4: =C5 -> 718 | D4: =D5 -> 718 | E4: =E5 -> 919
A5: 21098 | B5: 超长期特别国债安排的支出 | C5: =C6 -> 718 | D5: =D6 -> 718 | E5: =E6 -> 919
A6: 2109899 | B6: 其他卫生健康支出 | C6: 718 | D6: 718 | E6: 919
A7: 212 | B7: 城乡社区支出 | C7: =C8+C18+C20+C25 -> 53208 | D7: =D8+D18+D20+D25 -> 53208 | E7: =E8+E18+E20++E23+E25 -> 74004
A8: 21208 | B8: 国有土地使用权出让收入安排的支出 | C8: =SUM(C9:C17) -> 40252 | D8: =SUM(D9:D17) -> 40252 | E8: =SUM(E9:E17) -> 60676
A9: 2120801 | B9: 征地和拆迁补偿支出 | C9: 16853 | D9: 16853 | E9: 20437
A10: 2120802 | B10: 土地开发支出 | C10: 54 | D10: 54 | E10: 1001
A11: 2120803 | B11: 城市建设支出 | C11: 809 | D11: 809 | E11: 4389
A12: 2120804 | B12: 农村基础设施建设支出 | C12: 99 | D12: 99 | E12: 2500
A13: 2120806 | B13: 土地出让业务支出 | C13: 0 | D13: 0 | E13: 1064
A14: 2120810 | B14: 棚户区改造支出 | C14: 720 | D14: 720 | E14: 1063
A15: 2120814 | B15: 农业生产发展支出 | C15: 7403 | D15: 7403 | E15: 6279
A16: 2120815 | B16: 农村社会事业支出 | C16: 300 | D16: 300 | E16: 220
A17: 2120816 | B17: 农业农村生态环境支出 | C17: 14014 | D17: 14014 | E17: 23723
A18: 21210 | B18: 国有土地收益基金安排的支出 | C18: =C19 -> 0 | D18: =D19 -> 0
A19: 2121002 | B19: 土地开发支出 | D19: 0
A20: 21213 | B20: 城市基础设施配套费安排的支出 | C20: =C21+C22 -> 17 | D20: =D21+D22 -> 17 | E20: =E21+E22 -> 2500
A21: 2121301 | B21: 城市公共设施 | C21: 17 | D21: 17 | E21: 2500
A22: 2121399 | B22: 其他城市基础设施配套费安排的支出 | D22: 0
A23: 21216 | B23: 棚户区改造专项债券收入安排的支出 | E23: =330 -> 330
A24: 2121602 | B24: 土地开发支出 | E24: 330
A25: 21298 | B25: 超长期特别国债安排的支出 | C25: =C26 -> 12939 | D25: =D26 -> 12939 | E25: =E26 -> 10498
A26: 2129801 | B26: 城乡社区公共设施 | C26: 12939 | D26: 12939 | E26: 10498
A27: 213 | B27: 农林水支出 | C27: =C28 -> 0 | D27: =D28 -> 0 | E27: =E28 -> 2
A28: 21372 | B28: 大中型水库移民后期扶持基金支出 | C28: =C29 -> 0 | D28: =D29 -> 0 | E28: =E29 -> 2
A29: 2137201 | B29: 移民补助 | E29: 2
A30: 215 | B30: 资源勘探工业信息等支出 | C30: =C31 -> 3384 | D30: =D31 -> 3384
A31: 21598 | B31: 超长期特别国债安排的支出 | C31: =C32 -> 3384 | D31: =D32 -> 3384
A32: 2159802 | B32: 制造业 | C32: 3384 | D32: 3384
A33: 222 | B33: 粮油物资储备支出 | C33: =C34 -> 1600 | D33: =D34 -> 1600
A34: 22298 | B34: 超长期特别国债安排的支出 | C34: =C35 -> 1600 | D34: =D35 -> 1600
A35: 2229801 | B35: 设施建设 | C35: =1600 -> 1600 | D35: 1600
A36: 224 | B36: 灾害防治及应急管理支出 | C36: =C37 -> 34929 | D36: =D37 -> 34929 | E36: =E37 -> 6947
A37: 22498 | B37: 用超长期特别国债收入安排的支出 | C37: =C38 -> 34929 | D37: =D38 -> 34929 | E37: =E38 -> 6947
A38: 2249802 | B38: 自然灾害恢复重建支出 | C38: 34929 | D38: 34929 | E38: 6947
A39: 229 | B39: 其他支出 | C39: =C40+C44+C50 -> 304730 | D39: =D40+D44+D50 -> 268434 | E39: =E40+E44+E50 -> 207357
A40: 22904 | B40: 其他政府性基金及对应专项债务收入安排的支出 | C40: =C42+C43 -> 299886 | D40: =D42+D43 -> 263590 | E40: =E41+E42+E43 -> 205680
A41: 2290401 | B41: 其他政府性基金安排的支出 | E41: 72879
A42: 2290402 | B42: 其他地方自行试点项目收益专项债券收入安排的支出 | C42: =115351+36296 -> 151647 | D42: 115351 | E42: 132640
A43: 2290403 | B43: 其他政府性基金债务收入安排的支出 | C43: 148239 | D43: 148239 | E43: 161
A44: 22960 | B44: 彩票公益金安排的支出 | C44: =SUM(C45:C49) -> 2444 | D44: =SUM(D45:D49) -> 2444 | E44: =SUM(E45:E49) -> 1677
A45: 2296002 | B45: 用于社会福利的彩票公益金支出 | C45: 293 | D45: 293 | E45: 1089
A46: 2296003 | B46: 用于体育事业的彩票公益金支出 | C46: 2044 | D46: 2044 | E46: 364
A47: 2296006 | B47: 用于残疾人事业的彩票公益金支出 | C47: 37 | D47: 37 | E47: 19
A48: 2296010 | B48: 用于文化事业的彩票公益金支出 | C48: 0 | D48: 0 | E48: 157
A49: 2296099 | B49: 用于其他社会公益事业的彩票公益金支出 | C49: 70 | D49: 70 | E49: 48
A50: 22998 | B50: 超长期特别国债安排的其他支出 | C50: =2400 -> 2400 | D50: =D51 -> 2400 | E50: =E51 -> 0
A51: 2299899 | B51: 其他支出 | C51: 2400 | D51: 2400
A52: 232 | B52: 债务付息支出 | C52: =C53 -> 93101 | D52: =D53 -> 93101 | E52: =E53 -> 94988
A53: 23204 | B53: 地方政府专项债务付息支出 | C53: =SUM(C54:C58) -> 93101 | D53: =SUM(D54:D58) -> 93101 | E53: =SUM(E54:E58) -> 94988
A54: 2320411 | B54: 国有土地使用权出让金债务付息支出 | C54: 12605 | D54: 12605 | E54: 24326
A55: 2320431 | B55: 土地储备专项债券付息支出 | C55: 780 | D55: 780
A56: 2320433 | B56: 棚户区改造专项债券付息支出 | C56: 728 | D56: 728 | E56: 512
A57: 2320498 | B57: 其他地方自行试点项目收益专项债券付息支出 | C57: 71979 | D57: 71979 | E57: 61533
A58: 2320499 | B58: 其他政府性基金债务付息支出 | C58: 7009 | D58: 7009 | E58: 8617
A59: 233 | B59: 债务发行费用支出 | C59: =C60 -> 632 | D59: =D60 -> 632 | E59: =E60 -> 8
A60: 23304 | B60: 地方政府专项债务发行费用支出 | C60: =SUM(C61:C65) -> 632 | D60: =SUM(D61:D65) -> 632 | E60: =SUM(E61:E65) -> 8
A61: 2330411 | B61: 国有土地使用权出让金债务发行费用支出 | C61: 39 | D61: 39 | E61: 8
A62: 2330431 | B62: 土地储备专项债券发行费用支出 | C62: 3 | D62: 3
A63: 2330433 | B63: 棚户区改造专项债券发行费用支出 | C63: 0 | D63: 0
A64: 2330498 | B64: 其他地方自行试点项目收益专项债券发行费用支出 | C64: 231 | D64: 231
A65: 2330499 | B65: 其他政府性基金债务发行费用支出 | C65: 359 | D65: 359
B66: 政府性基金预算支出合计 | C66: =C4+C7+C30+C33+C36+C39+C52+C59 -> 492302 | D66: =D4+D7+D30+D33+D36+D39+D52+D59 -> 456006 | E66: =E4+E7+E27+E30+E33+E36+E39+E52+E59 -> 384225
B67: 加：上解支出
B68: 调出资金
B69: 专项债务还本支出 | C69: 5300 | D69: 5300 | E69: 4522
B70: 再融资专项债务还本支出 | C70: =254400+299500 -> 553900 | D70: =254400+299500 -> 553900
B71: 政府性基金预算总支出 | C71: =SUM(C66:C70) -> 1051502 | D71: =SUM(D66:D70) -> 1015206 | E71: =SUM(E66:E69) -> 388747
B72: 政府性基金预算总收入 | C72: =政府性基金预算收入!B27 -> 1179791 | D72: =政府性基金预算收入!C27 -> 1178179 | E72: =政府性基金预算收入!D27 -> 388747
B73: 政府性基金预算结余 | C73: =C72-C71 -> 128289 | D73: =D72-D71 -> 162973 | E73: =E72-E71 -> 0

Sheet 政府性基金预算支出经济分类明细表
B1: 宁河区政府性基金预算支出经济分类明细表
A2: 表六 | E2: 单位：万元
A3: 科目编码 | B3: 科目名称 | C3: 2025年调整预算数 | D3: 2025年实际执行数 | E3: 2026年预算数
B4: 政府性基金支出经济分类合计 | C4: =C5+C11+C18+C21+C23+C26+C29+C33+C36+C38 -> 1051502 | D4: =D5+D11+D18+D21+D23+D26+D29+D33+D36+D38 -> 1015206 | E4: =E5+E11+E18+E21+E23+E26+E29+E33+E36+E38 -> 388747
A5: 502 | B5: 机关商品和服务支出 | C5: =SUM(C6:C10) -> 13578 | D5: =SUM(D6:D10) -> 13578 | E5: =SUM(E6:E10) -> 32282
A6: 50201 | B6: 办公经费 | C6: 203 | D6: 203 | E6: 89
A7: 50204 | B7: 专用材料购置费 | E7: 75
A8: 50205 | B8: 委托业务费 | C8: 2214 | D8: 2214 | E8: 6054
A9: 50209 | B9: 维修（护）费 | C9: 253 | D9: 253 | E9: 2
A10: 50299 | B10: 其他商品和服务支出 | C10: 10908 | D10: 10908 | E10: 26062
A11: 503 | B11: 机关资本性支出 | C11: =SUM(C12:C17) -> 155346 | D11: =SUM(D12:D17) -> 155346 | E11: =SUM(E12:E17) -> 65486
A12: 50301 | B12: 房屋建筑物购建 | C12: 24692 | D12: 24692 | E12: 12003
A13: 50302 | B13: 基础设施建设 | C13: 123665 | D13: 123665 | E13: 52265
A14: 50305 | B14: 土地征迁补偿和安置支出 | C14: 125 | D14: 125 | E14: 146
A15: 50306 | B15: 设备购置 | C15: 3294 | D15: =3294 -> 3294
A16: 50307 | B16: 大型修缮 | C16: 678 | D16: 678 | E16: 170
A17: 50399 | B17: 其他资本性支出 | C17: 2892 | D17: =2891+1 -> 2892 | E17: 902
A18: 504 | B18: 机关资本性支出(基本建设) | C18: =SUM(C19:C20) -> 100570 | D18: =SUM(D19:D20) -> 64274 | E18: =SUM(E19:E20) -> 137731
A19: 50401 | B19: 房屋建筑物购建 | C19: 2719 | D19: 2719 | E19: 500
A20: 50402 | B20: 基础设施建设 | C20: =61555+36296 -> 97851 | D20: 61555 | E20: =64352+72879 -> 137231
A21: 505 | B21: 对事业单位经常性补助 | C21: =C22 -> 1487 | D21: =D22 -> 1487 | E21: =E22 -> 1808
A22: 50502 | B22: 商品和服务支出 | C22: 1487 | D22: 1487 | E22: 1808
A23: 506 | B23: 对事业单位资本性补助 | C23: =C24+C25 -> 115765 | D23: =D24+D25 -> 115765 | E23: =E24+E25 -> 49765
A24: 50601 | B24: 资本性支出 | C24: 110204 | D24: 110204 | E24: 44036
A25: 50602 | B25: 资本性支出(基本建设) | C25: 5561 | D25: 5561 | E25: 5729
A26: 507 | B26: 对企业补助 | C26: =SUM(C27:C28) -> 10872 | D26: =SUM(D27:D28) -> 10872 | E26: =SUM(E27:E27) -> 0
A27: 50701 | B27: 费用补贴 | C27: 9337 | D27: 9337
A28: 50799 | B28: 其他对企业补助 | C28: 1535 | D28: 1535
A29: 509 | B29: 对个人和家庭的补助 | C29: =SUM(C30:C32) -> 952 | D29: =SUM(D30:D32) -> 952 | E29: =SUM(E30:E32) -> 2157
A30: 50901 | B30: 社会福利和救助 | C30: 190 | D30: 190 | E30: 504
A31: 50903 | B31: 个人农业生产补贴 | C31: 330 | D31: 330 | E31: 1294
A32: 50999 | B32: 其他对个人和家庭的补助 | C32: 432 | D32: 432 | E32: 359
A33: 511 | B33: 债务利息及费用支出 | C33: =C34+C35 -> 93732 | D33: =D34+D35 -> 93732 | E33: =E34+E35 -> 94996
A34: 51101 | B34: 国内债务付息 | C34: 93101 | D34: 93101 | E34: 94988
A35: 51103 | B35: 国内债务发行费用 | C35: 631 | D35: 631 | E35: 8
A36: 512 | B36: 债务还本支出 | C36: =C37 -> 559200 | D36: =D37 -> 559200 | E36: =E37 -> 4522
A37: 51201 | B37: 国内债务还本 | C37: =5300+553900 -> 559200 | D37: =5300+553900 -> 559200 | E37: 4522
A38: 513 | B38: 转移性支出 | E38: 0
A39: 51301 | B39: 上下级政府间转移性支出

Sheet 国资预算收入 
A1: 宁河区国有资本经营预算收入明细表
A2: 表七 | D2: 单位：万元
A3: 预 算 科 目 | B3: 2025年调整预算数 | C3: 2025年完成数 | D3: 2026年预算数
A4: 国有资本经营预算收入合计 | B4: =B5 -> 2785 | C4: =C5 -> 2156 | D4: =D5 -> 2100
A5: 一、利润收入 | B5: =B6+B7 -> 2785 | C5: =C6+C7 -> 2156 | D5: =SUM(D6:D7) -> 2100
A6: 投资服务企业利润收入 | B6: 2778 | C6: 2149 | D6: 2100
A7: 建筑施工企业利润收入 | B7: 7 | C7: 7
A8: 国有资本经营预算收入合计 | B8: =B4 -> 2785 | C8: =C4 -> 2156 | D8: =D4 -> 2100
A9: 加：市级补助收入 | B9: 12 | C9: 12 | D9: 8
A10: 上年结余收入 | B10: 12 | C10: 12 | D10: 16
A11: 国有资本经营预算收入总计 | B11: =B8+B10+B9 -> 2809 | C11: =C8+C10+C9 -> 2180 | D11: =D8+D10+D9 -> 2124

Sheet 国资经营预算支出功能分类明细表
B2: 宁河区国有资本经营预算支出功能分类明细表
A3: 表八 | E3: 单位：万元
A4: 科目编码 | B4: 科目名称 | C4: 2025年调整预算数 | D4: 2025年实际执行数 | E4: 2026年预算数
A5: 223 | B5: 国有资本经营预算支出 | C5: =C6+C9+C12 -> 23 | D5: =D6+D9+D12 -> 23 | E5: =E6+E9+E12 -> 352
A6: 22301 | B6: 解决历史遗留问题及改革成本支出 | C6: =SUM(C7:C8) -> 23 | D6: =SUM(D7:D8) -> 23 | E6: =SUM(E7:E8) -> 42
A7: 2230105 | B7: 国有企业退休人员社会化管理补助支出 | C7: 8 | D7: 8 | E7: 24
A8: 2230199 | B8: 其他解决历史遗留问题及改革成本支出 | C8: 15 | D8: 15 | E8: 18
A9: 22302 | B9: 国有企业资本金注入 | C9: =SUM(C10:C11) -> 0 | D9: =SUM(D10:D11) -> 0 | E9: =SUM(E10:E11) -> 100
A10: 2230201 | B10: 国有经济结构调整支出 | C10: 0 | E10: 100
A11: 2230205 | B11: 支持科技进步支出 | C11: 0
A12: 22399 | B12: 其他国有资本经营预算支出 | C12: =C13 -> 0 | D12: =D13 -> 0 | E12: =E13 -> 210
A13: 2239999 | B13: 其他国有资本经营预算支出 | C13: 0 | E13: 210
B14: 国有资本经营支出合计 | C14: =C5 -> 23 | D14: =D5 -> 23 | E14: =E5 -> 352
B15: 上解支出
B16: 调出资金 | C16: 2774 | D16: 2141 | E16: 1772
B17: 国有资本经营预算总支出 | C17: =C14+C15+C16 -> 2797 | D17: =D14+D15+D16 -> 2164 | E17: =E14+E15+E16 -> 2124
B18: 国有资本经营预算总收入 | C18: ='国资预算收入 '!B11 -> 2809 | D18: ='国资预算收入 '!C11 -> 2180 | E18: ='国资预算收入 '!D11 -> 2124
B19: 国有资本经营预算结余 | C19: =C18-C17 -> 12 | D19: =D18-D17 -> 16 | E19: =E18-E17 -> 0

Sheet 国资经营预算支出经济分类明细表
B1: 宁河区国有资本经营预算支出经济分类明细表
A2: 表九 | E2: 单位：万元
A3: 科目编码 | B3: 科目名称 | C3: 2025年调整预算数 | D3: 2025年实际执行数 | E3: 2026年预算数
B4: 国有资本经营预算支出经济分类合计 | C4: =C5+C7+C11 -> 23 | D4: =D5+D7+D11 -> 23 | E4: =E5+E7+E11 -> 352
A5: 502 | B5: 机关商品和服务支出 | C5: =C6 -> 15 | D5: =D6 -> 15 | E5: =E6 -> 18
A6: 50205 | B6: 委托业务费 | C6: 15 | D6: 15 | E6: 18
A7: 507 | B7: 对企业补助 | C7: =SUM(C8:C10) -> 8 | D7: =SUM(D8:D10) -> 8 | E7: =SUM(E8:E10) -> 234
A8: 50701 | B8: 费用补贴 | C8: 8 | D8: 8 | E8: 24
A9: 50702 | B9: 利息补贴
A10: 50799 | B10: 其他对企业补助 | E10: 210
A11: 508 | B11: 对企业资本性支出 | E11: =SUM(E12:E12) -> 100
A12: 50803 | B12: 资本金注入 | E12: 100
